 Dungeon Crawl Stone Soup version 0.28-a0-79-g444c7a33f5 (webtiles) character file.

Game seed: 1413505132180043329

25 siradein the Vexing (level 2, -1/15 HPs)
             Began as a Vampire Enchanter on Aug 3, 2021.
             Slain by a quokka (4 damage)
             ... on level 1 of the Dungeon.
             The game lasted 00:04:03 (1639 turns).

siradein the Vexing (Vampire Enchanter)             Turns: 1639, Time: 00:04:04

Health: -1/15      AC:  2    Str:  7    XL:     2   Next: 82%
Magic:  4/5        EV: 12    Int: 17    God:
Gold:   43         SH:  0    Dex: 14    Spells: 4/5 levels left

rFire   . . .      SeeInvis +   a - +1 dagger
rCold   + + .      Faith    .   (no shield)
rNeg    + + +      Spirit   .   b - +0 robe
rPois   ∞          Reflect  .   (no helmet)
rElec   .          Harm     .   (no cloak)
rCorr   .          Rampage  .   (no gloves)
Will    .....                   (no boots)
Stlth   +++++.....              (no amulet)
HPRegen 0.00/turn               (no ring)
MPRegen 0.09/turn               (no ring)

@: bloodless, inhibited regen
A: bloodless, fangs 3, see invisible, vampiric 1
a: Revivify


You were on level 1 of the Dungeon.
You visited 1 branch of the dungeon, and saw 1 of its levels.

You collected 43 gold pieces.

Inventory:

Hand Weapons
 a - a +1 dagger (weapon)
Armour
 b - a +0 robe (worn)
Jewellery
 g - a ring of resist corrosion
Scrolls
 c - a scroll of enchant weapon {unknown}
 d - 2 scrolls of identify {unknown}
 e - a scroll of fog {unknown}
 f - a scroll of enchant armour {unknown}


   Skills:
 - Level 1.1 Short Blades
 - Level 2.1 Dodging
 - Level 4.4 Stealth
 - Level 2.0 Spellcasting
 + Level 6.0 Hexes


You had 4 spell levels left.
You knew the following spells:

 Your Spells              Type           Power      Damage    Failure   Level
a - Corona                Hex            24%        N/A       1%          1

Your spell library contained the following spells:

 Spells                   Type           Power      Damage    Failure   Level
 Confusing Touch          Hex            22%        N/A       4%          3
 Tukima's Dance           Hex            22%        N/A       4%          3
 Ensorcelled Hibernation  Hex/Ice        24%        N/A       9%          2
 Dazzling Flash           Conj/Hex       24%        N/A       17%         3
 Stone Arrow              Conj/Erth      2%         3d7       50%         3
 Animate Armour           Summ/Erth      2%         N/A       88%         4
 Lehudib's Crystal Spear  Conj/Erth      0%         10d2      100%        8


Dungeon Overview and Level Annotations

Branches:
Dungeon (1/15)

Altars:


Innate Abilities, Weirdness & Mutations

You do not regenerate when monsters are visible.
You are frail without blood (-20% HP).
You can heal yourself when you bite living creatures.
You are immune to poison.
You have razor-sharp teeth.
You have supernaturally acute eyesight. (SInv)
You are afflicted with vampirism.


Message History

Aiming: Corona (safe; 1% risk of failure)
Press: ? - help, Q - select action Shift-Dir - straight line, f/p - hobgoblin
Aim: a hobgoblin (chance to affect: 77%)
You miscast Corona.
You are very lightly contaminated with residual magic.
Nothing appears to happen.
The quokka bites you.
Aiming: Corona (safe; 1% risk of failure)
Press: ? - help, Q - select action Shift-Dir - straight line, f/p - hobgoblin
Aim: a hobgoblin (chance to affect: 77%)
The quokka is outlined in light.
The quokka misses you.
You barely miss the quokka. The quokka closely misses you.
The quokka bites you.
You are too injured to fight recklessly!
You are too injured to fight recklessly!
You hit the quokka but do no damage. The quokka barely misses you.
You hit the quokka. Your bite misses the quokka.
The quokka is lightly wounded.
The quokka barely misses you.
You hit the quokka but do no damage.
The quokka is lightly wounded.
The quokka bites you.
You closely miss the quokka. You bite the quokka, but do no damage.
The quokka is lightly wounded.
The quokka misses you.
Your magical contamination has completely faded away.
You hit the quokka but do no damage.
The quokka is lightly wounded.
The quokka bites you.
* * * LOW HITPOINT WARNING * * *
You barely miss the quokka.
The quokka is lightly wounded.
The quokka misses you. The quokka completely misses you.
You hit the quokka but do no damage. Your bite misses the quokka.
The quokka barely misses you.
The quokka stops glowing.
The quokka barely misses you. The quokka bites you.
You die...

.#########....# ##
.#......)#.##.##.. .#
.#.####.##.##.##.# .# .#.#
#.##.##.##.##.####
.#.####.##.##(##.......
..)...#.##.##........#
.##.###.##.b.g.......#
....# #.##.###.......#
....###.##.# #.r@....####
....#....#g# #..........
....#....#b# #..>?...#.#
.#..#....#.# #####..##.#
.#.......#.# #........#
...........####...........
.#.................#######
.........##..............#
.##.##.####..............#


You could see a quokka, a hobgoblin and a bat.

Vanquished Creatures
  An endoplasm (D:1)
  3 giant cockroaches (D:1)
  2 goblins (D:1)
  2 hobgoblins (D:1)
  2 jackals (D:1)
  2 quokkas (D:1)
  A ball python (D:1)
  3 bats (D:1)
  3 frilled lizards (D:1)
  A kobold (D:1)
  3 rats (D:1)
23 creatures vanquished.

Notes
Turn   | Place    | Note
-------+----------+-------------------------------------------
     0 | D:1      | siradein the Vampire Enchanter began the quest for the Orb.
     0 | D:1      | Reached XP level 1. HP: 13/13 MP: 3/3
    76 | D:1      | Found a faded altar of an unknown god.
   137 | D:1      | Reached skill level 5 in Hexes
   223 | D:1      | Reached XP level 2. HP: 15/15 MP: 5/5
  1550 | D:1      | Reached skill level 6 in Hexes
  1639 | D:1      | Slain by a quokka

Illustrated notes

Levels and vault maps discovered:
D:1:      dpeg_arrival_tiny_a, layout_basic, basic_ecumenical_altar

Skill      XL: |  1  2 |
---------------+-------+-----
Hexes          | 5 6 |  6.0
Short Blades   | |  1.1
Dodging        | |  2.1
Stealth        | |  4.4
Spellcasting   | |  2.0

Action                   || total
-------------------------++-------
Melee: Dagger            ||    87
       Bite              ||     3
 Cast: Corona            ||    21
 Abil: Exsanguinate      ||     1
 Stab: Sleeping          ||     7
Armor: Robe              ||    13
Dodge: Dodged            ||    70

Table legend: (Time is in decaauts)
 A = Elapsed time spent in this place.
 B = Non-inter-level travel time spent in this place.
 C = Inter-level travel time spent in this place.
 D = Time resting spent in this place.
 E = Time spent auto-exploring this place.
 F = Levels seen in this place.
 G = Mean time per level.
                   A        B        C        D        E       F      G
               +--------+--------+--------+--------+--------+-----+--------+
         Total |   1634 |   1634 |      0 |    238 |   1141 |   1 | 1634.0 |
       Dungeon |   1634 |   1634 |      0 |    238 |   1141 |   1 | 1634.0 |
               +--------+--------+--------+--------+--------+-----+--------+

Top non-repeatable levels by time:
     D:1: 1634 daAuts
